 Dungeon Crawl Stone Soup version 0.26-a0-812-g31a745ddcd (webtiles) character file.

Game seed: 4296966964777816012

16 funkygono the Vexing (level 2, -1/15 HPs)
             Began as a Vampire Enchanter on Nov 22, 2020.
             Slain by a jackal (3 damage)
             ... on level 1 of the Dungeon.
             The game lasted 00:02:35 (634 turns).

funkygono the Vexing (Vampire Enchanter)             Turns: 634, Time: 00:02:36

Health: -1/15      AC:  2    Str:  7    XL:     2   Next: 41%
Magic:  5/5        EV: 12    Int: 17    God:
Gold:   3          SH:  0    Dex: 14    Spells: 2/5 levels left

rFire    . . .     SeeInvis +   a - +1 dagger
rCold    + + .     Faith    .   (no shield)
rNeg     + + +     Spirit   .   b - +0 robe
rPois    ∞         Reflect  .   (no helmet)
rElec    .         Harm     .   (no cloak)
rCorr    .         Rampage  .   (no gloves)
MR       .....                  (no boots)
Stlth    +++++.....             (no amulet)
HPRegen  0.00/turn              (no ring)
MPRegen  0.09/turn              (no ring)

@: bloodless
A: fangs 3, see invisible, unbreathing
a: Revivify


You were on level 1 of the Dungeon.
You visited 1 branch of the dungeon, and saw 1 of its levels.

You collected 3 gold pieces.

Inventory:

Hand Weapons
 a - a +1 dagger (weapon)
Armour
 b - a +0 robe (worn)
Scrolls
 c - 2 scrolls of enchant armour {unknown}
 e - a scroll of blinking {unknown}
 f - a scroll of teleportation {unknown}
 g - a scroll of remove curse {unknown}
 h - a scroll of fear {unknown}
 i - a scroll of amnesia {unknown}
Potions
 d - a potion of flight {unknown}


   Skills:
 + Level 1.6 Short Blades
 + Level 2.2 Dodging
 + Level 4.8 Stealth
 + Level 2.0 Spellcasting
 + Level 5.0 Hexes


You had 2 spell levels left.
You knew the following spells:

 Your Spells              Type           Power        Failure   Level
a - Corona                Hex            ###....      2%          1
b - Ensorcelled Hibernat  Hex/Ice        ##....       11%         2

Your spell library contained the following spells:

 Spells                   Type           Power        Failure   Level
 Confusing Touch          Hex            ###.....     8%          3
 Tukima's Dance           Hex            ###.....     8%          3
 Dazzling Flash           Conj/Hex       ##....       21%         3


Dungeon Overview and Level Annotations

Branches:
Dungeon (1/15)

Altars:


Innate Abilities, Weirdness & Mutations

You do not regenerate when monsters are visible.
You are frail without blood (-20% HP).
You can heal yourself when you bite living creatures.
You are immune to poison.
You have razor-sharp teeth.
You have supernaturally acute eyesight. (SInv)
You can survive without breathing.


Message History

The jackal is severely wounded.
The jackal barely misses you. The jackal bites you.
* * * LOW HITPOINT WARNING * * *
You hit the jackal but do no damage.
The jackal is severely wounded.
The jackal barely misses you. The jackal closely misses you.
The jackal stops glowing.
The jackal misses you.
Okay, then.
You see here a robe.
The jackal closely misses you. The jackal bites you.
* * * LOW HITPOINT WARNING * * *
The jackal barely misses you. The jackal closely misses you.
The jackal closely misses you. The jackal barely misses you.
The jackal bites you.
You die...

#.#.#####......
#.#.#..........
#.#....#######.
#######.#....# #.
#.......#....# #.
#.#####......# .
##....g...# #
##..###....#
#.#.@##!#.##.####
#...h#.##........
#...h.##...######
#..##†......#
#.##.#.....##
#.#)##.†..## .
###....## #
...(.## .....##


You could see 2 jackals.

Vanquished Creatures
  A dart slug (D:1)
  2 bats (D:1)
  5 goblins (D:1)
  A jackal (D:1)
  4 rats (D:1)
13 creatures vanquished.

Notes
Turn   | Place    | Note
-------+----------+-------------------------------------------
     0 | D:1      | funkygono the Vampire Enchanter began the quest for the
                  | Orb.
     0 | D:1      | Reached XP level 1. HP: 13/13 MP: 3/3
   415 | D:1      | Reached XP level 2. HP: 15/15 MP: 5/5
   425 | D:1      | Learned a level 2 spell: Ensorcelled Hibernation
   584 | D:1      | Reached skill level 5 in Hexes
   634 | D:1      | Slain by a jackal

Illustrated notes

Levels and vault maps discovered:
D:1:      matt_arrival_los_fun, layout_rooms, serial_co_window_serial,
          co_window_corner_a, co_window_paths_a, co_window_paths_a,
          co_window_cross_1, co_window_of_opportunity_a,
          co_window_of_opportunity_a, co_window_corner_a, co_window_broadway_b,
          co_window_unsneaky_path_d, co_window_unsneaky_path_b,
          co_window_cross_4, co_window_of_opportunity_b, co_window_2corner,
          co_window_4corner_b, minmay_bisected

Skill      XL: |  1  2 |
---------------+-------+-----
Hexes          | 5 |  5.0
Short Blades   | |  1.6
Dodging        | |  2.2
Stealth        | |  4.8
Spellcasting   | |  2.0

Action                   || total
-------------------------++-------
Melee: Dagger            ||    39
       Bite              ||     2
 Cast: Corona            ||     8
 Abil: Exsanguinate      ||     1
 Stab: Sleeping          ||     8
Armor: Robe              ||    12
Dodge: Dodged            ||    44

Table legend: (Time is in decaauts)
 A = Elapsed time spent in this place.
 B = Non-inter-level travel time spent in this place.
 C = Inter-level travel time spent in this place.
 D = Time resting spent in this place.
 E = Time spent auto-exploring this place.
 F = Levels seen in this place.
 G = Mean time per level.
                   A        B        C        D        E       F      G
               +--------+--------+--------+--------+--------+-----+--------+
         Total |    632 |    632 |      0 |      0 |    470 |   1 |  632.0 |
       Dungeon |    632 |    632 |      0 |      0 |    470 |   1 |  632.0 |
               +--------+--------+--------+--------+--------+-----+--------+

Top non-repeatable levels by time:
     D:1: 632 daAuts
